 Dungeon Crawl Stone Soup version 0.19.1 (console) character file.

118 nht the Chopper (level 4, 0/39 HPs)
             Began as a Minotaur Chaos Knight on Nov 27, 2016.
             Slain by a gnoll
             ... wielding a +0 halberd
              (7 damage)
             ... on level 3 of the Dungeon.
             The game lasted 00:02:03 (1601 turns).

nht the Chopper (Minotaur Chaos Knight)             Turns: 1601, Time: 00:02:04

Health: 0/39       AC:  5    Str: 16 (17) XL:     4   Next: 72%
Magic:  3/3        EV: 11    Int:  9      God:    Xom [*.....]
Gold:   64         SH:  0    Dex:  9 (10) Spells: 0 memorised, 3 levels left

rFire  . . .     SeeInvis .     a - +0 hand axe (chaos)
rCold  . . .     Gourm    .     b - +2 leather armour
rNeg   . . .     Faith    .     (no shield)
rPois  .         Spirit   .     (helmet restricted)
rElec  .         Reflect  .     (no cloak)
rCorr  .         Harm     .     (no gloves)
MR     .....                    (no boots)
Stlth  +.........               (no amulet)
                                (no ring)
                                (no ring)

@: no status effects
A: retaliatory headbutt, horns 2
a: Renounce Religion


You were on level 3 of the Dungeon.
You worshipped Xom.
You were a special plaything of Xom.
You were not hungry.

You visited 1 branch of the dungeon, and saw 3 of its levels.

You collected 64 gold pieces.

Inventory:

Hand Weapons
 a - a +0 hand axe of chaos (weapon)
Armour
 b - a +2 leather armour (worn)
Scrolls
 e - 2 scrolls of recharging {unknown}
 g - a scroll of remove curse {unknown}
 h - a scroll of random uselessness {unknown}
 i - 2 scrolls of enchant armour {unknown}
 l - a scroll of fog {unknown}
 m - a scroll of noise {unknown}
 n - a scroll of teleportation {unknown}
 o - 3 scrolls of identify {unknown}
Comestibles
 c - a bread ration
 f - a meat ration
 j - 5 fruits
 k - a royal jelly


   Skills:
 - Level 3.6 Fighting
 + Level 6.6 Axes
 - Level 2.4 Armour
 - Level 1.1 Dodging


You had 3 spell levels left.
You didn't know any spells.

Dungeon Overview and Level Annotations

Branches:
Dungeon (3/15)

Altars:
Makhleb


Innate Abilities, Weirdness & Mutations

You reflexively headbutt those who attack you in melee.
You have a pair of horns on your head.


Message History

You hit the gnoll.
The gnoll is poisoned.
You headbutt the gnoll.
You kill the gnoll!
You closely miss the bat. The bat barely misses you.
The gnoll closely misses you.
You completely miss the bat. The bat hits you but does no damage.
The bat barely misses you. The gnoll hits you with a halberd!
* * * LOW HITPOINT WARNING * * *
Things that are here:
a club; a gnoll corpse You are too injured to fight recklessly!
You hit the gnoll but do no damage.
The gnoll glows shining mauve for a moment.
You headbutt the gnoll.
The gnoll is lightly wounded.
You barely miss the bat. The bat closely misses you. You furiously retaliate!
You headbutt the bat!
You kill the bat!
You feel your strength returning. The gnoll hits you with a halberd!
You die...

█ ███ █....
█.█.. ██.█.█
█.██....████████
█....█.)<.......
█...@███████.
██.█g█ █ █.█ █.█
█.█ ..█ ..█ .██


You could see a gnoll.

Vanquished Creatures
  3 gnolls (D:3)
  2 adders (D:2)
  A worm (D:2)
  2 dart slugs
  A leopard gecko (D:2)
  5 bats
  4 giant cockroaches (D:1)
  7 goblins
  6 hobgoblins
  4 jackals (D:2)
  7 kobolds
  2 quokkas (D:2)
  9 frilled lizards
  9 rats
62 creatures vanquished.

Notes
Turn   | Place    | Note
-------+----------+-------------------------------------------
     0 | D:1      | nht the Minotaur Chaos Knight began the quest for the Orb.
     0 | D:1      | Reached XP level 1. HP: 19/19 MP: 0/0
    77 | D:1      | Reached skill level 4 in Axes
   146 | D:1      | Reached XP level 2. HP: 24/26 MP: 1/1
   411 | D:1      | XOM: silly message
   601 | D:2      | Reached skill level 5 in Axes
   751 | D:1      | Reached XP level 3. HP: 13/31 MP: 2/2
  1262 | D:2      | Reached XP level 4. HP: 30/39 MP: 3/3
  1275 | D:2      | XOM: noise
  1281 | D:2      | Reached skill level 6 in Axes
  1341 | D:2      | XOM: scenery: 1 doors close
  1467 | D:2      | Found a burning altar of Makhleb.
  1467 | D:2      | Noticed a green death
  1601 | D:3      | Slain by a gnoll

Skill      XL: |  1  2  3  4 |
---------------+-------------+-----
Axes           | 4 5 6 |  6.6
Fighting       | |  3.6
Armour         | |  2.4
Dodging        | |  1.1

Action                   |  1- 3 |  4- 6 || total
-------------------------+-------+-------++-------
Melee: Hand axe          |   102 |    35 ||   137
       Headbutt          |    13 |     5 ||    18
  Use: Potion            |     1 |       ||     1
 Stab: Petrified         |       |     2 ||     2
       Petrifying        |       |     1 ||     1
  Eat: Chunk             |     1 |     1 ||     2
Armor: Leather armour    |    27 |    19 ||    46
Dodge: Dodged            |    57 |    35 ||    92
